 Dungeon Crawl Stone Soup version 0.29.0-11-gd7f09526c8 (webtiles) character file.

Game seed: 16154885160855279195

158 soylentgreeen202 the Sneak (level 5, 0/49 HPs)
             Began as a Naga Delver on Sept 4, 2022.
             Slain by a jelly (1 damage)
             ... on level 2 of the Dungeon.
             The game lasted 00:08:04 (2184 turns).

soylentgreeen202 the Sneak (Naga Delver)            Turns: 2184, Time: 00:08:05

Health: 0/49       AC:  2    Str: 14    XL:     5   Next: 40%
Magic:  5/5        EV:  9    Int: 11    God:
Gold:   136        SH:  0    Dex: 14    Spells: 4/4 levels left

rFire   . . .      SeeInvis +   u - +0 short sword (speed)
rCold   . . .      Faith    .   (no shield)
rNeg    + . .      Spirit   .   b - +0 leather armour
rPois   +          Reflect  .   n - +2 helmet
rElec   .          Harm     .   (no cloak)
rCorr   .          Rampage  .   (no gloves)
Will    .....                   (no barding)
Stlth   +++.......              (no amulet)
HPRegen 0.16/turn               l - ring of positive energy
MPRegen 0.09/turn               (no ring)

@: corroded, very slow
A: AC +1, large, see invisible, deformed body, poison resistance, slowness 2,
spit poison 1, naga tail 1
a: Spit Poison


You were on level 2 of the Dungeon.
You visited 1 branch of the dungeon, and saw 6 of its levels.

You collected 136 gold pieces.

Inventory:

Hand Weapons
 a - a +0 short sword
 s - a +0 dagger
 u - a +0 short sword of speed (weapon)
Missiles
 o - 29 stones
 r - 5 poisoned darts
Armour
 b - a +0 leather armour (worn)
 n - a +2 helmet (worn)
Magical Staves
 i - a staff of air
Jewellery
 l - a ring of positive energy (left hand)
Wands
 g - a wand of digging (3)
Scrolls
 e - a scroll of poison {unknown}
 h - a scroll of teleportation {unknown}
 k - a scroll of vulnerability {unknown}
 m - a scroll of noise {unknown}
 p - a scroll of identify {unknown}
 q - a scroll of enchant weapon {unknown}
Potions
 d - 3 potions of magic {unknown}
 f - a potion of haste
 j - 2 potions of flight {unknown}
 t - a potion of degeneration {unknown}


   Skills:
 - Level 3.0 Fighting
 - Level 4.0 Short Blades
 - Level 2.0 Armour
 - Level 2.0 Dodging
 + Level 7.8 Stealth


You had 4 spell levels left.
You didn't know any spells.
Your spell library was empty.

Dungeon Overview and Level Annotations

Branches:
Dungeon (6/15)
 Temple: D:4-7

Altars:


Innate Abilities, Weirdness & Mutations

Your serpentine skin is tough. (AC +1)
You have supernaturally acute eyesight. (SInv)
Armour fits poorly on your strangely shaped body.
Your system is resistant to poisons. (rPois)
You cover ground very slowly.
You can spit poison.
You have a snake-like lower body.


Message History

You hit the endoplasm but do no damage.
The endoplasm is heavily wounded.
You hit the endoplasm.
You kill the endoplasm!
You hit the endoplasm.
The endoplasm is lightly wounded.
The endoplasm hits you but does no damage.
You hit the endoplasm.
The endoplasm is heavily wounded.
You have got your breath back.
You hit the endoplasm.
The endoplasm is almost dead.
The endoplasm freezes you.
You are frozen.
You hit the endoplasm.
You kill the endoplasm!
The jelly jiggles.
The endoplasm jiggles.
The jelly attacks as you move away! The jelly closely misses you.
You hit the jelly. The acid corrodes you!
Your hands burn!
The jelly is moderately wounded.
The jelly hits you.
You are splashed with acid.
You hit the jelly but do no damage.
Your hands burn!
The jelly is moderately wounded.
You hit the jelly but do no damage.
Your hands burn!
The jelly is moderately wounded.
The jelly closely misses you.
You hit the jelly.
Your hands burn!
The jelly is moderately wounded.
You hit the jelly but do no damage.
Your hands burn!
* * * LOW HITPOINT WARNING * * *
The jelly is moderately wounded.
The jelly hits you.
* * * LOW HITPOINT WARNING * * *
You are splashed with acid!
* * * LOW HITPOINT WARNING * * *
As you read the scroll of fog, it crumbles to dust.
The scroll dissolves into smoke.
The jelly hits you but does no damage. The jelly attacks as you move away!
The jelly hits you.
You die...

##...## #....# #
##.).).######.###
# #...)...#
#...## #
#.......# ###..##
# #.......#
##..## #
#.....).#
##..######
#....####
####....#..
#....'§§##
#..........
########@#
#.##.....##
##.)..JJ## ..
#.......
##'####### ##
#....###
#..JJJ.... #....#
#...PJ.... #.####
#JP...P.P. #.#
#.J.PJ..P. #.
#..J..P.PJ
#÷..P÷..P:


You could see a jelly and an endoplasm.

Vanquished Creatures
  A water moccasin (D:6)
  An adder (D:3)
  2 dart slugs (D:2)
  2 bats
  6 endoplasms
  2 giant cockroaches
  2 goblins
  2 hobgoblins
  2 jackals (D:2)
  3 quokkas (D:1)
  3 ball pythons
  2 frilled lizards
  10 kobolds
  4 rats (D:1)
42 creatures vanquished.

Vanquished Creatures (others)
  4 fungi (D:2)
  6 toadstools (D:2)
10 creatures vanquished.

Grand Total: 52 creatures vanquished

Notes
Turn   | Place    | Note
-------+----------+-------------------------------------------
     0 | D:5      | soylentgreeen202 the Naga Delver began the quest for the
                  | Orb.
     0 | D:5      | Reached XP level 1. HP: 21/21 MP: 1/1
   320 | D:6      | Noticed a water moccasin
   330 | D:6      | Killed a water moccasin
   331 | D:6      | Reached skill level 1 in Armour
   331 | D:6      | Reached XP level 2. HP: 9/28 MP: 2/2
   331 | D:6      | Reached XP level 3. HP: 11/34 MP: 3/3
   331 | D:6      | Reached XP level 4. HP: 14/42 MP: 4/4
   803 | D:3      | Reached XP level 5. HP: 49/49 MP: 5/5
  2182 | D:2      | HP: 1/49 [acid (8)]
  2184 | D:2      | Slain by a jelly

Illustrated notes

Levels and vault maps discovered:
D:1:      dpeg_arrival_tiny_a, layout_basic, minmay_fountain_box,
          hangedman_decor_diamond_cutter, hangedman_decor_peaks_small,
          minmay_domino_4
D:2:      cheibrodos_fertilizer, layout_rooms, ebering_ecumenical_altar_ruins,
          basic_altar
D:3:      layout_basic
D:4:      layout_loops_ring, fedhas_altar_1, minmay_temple_entry_gardened_gates,
          gammafunk_ghost_necromancy, lightli_corner_chamber
D:5:      layout_loops_ring, overflow_temple_1_default, grunt_ministairs_9
D:6:      layout_layer_cave, uniq_crazy_yiuf_cottage

Skill      XL: |  1  2  3  4  5 |
---------------+----------------+-----
Short Blades   | 4 |  4.0
Armour         | 1 2 |  2.0
Dodging        | 2 |  2.0
Fighting       | |  3.0
Stealth        | |  7.8

Action                   |  1- 3 |  4- 6 || total
-------------------------+-------+-------++-------
Melee: Short sword       |     6 |   106 ||   112
       Punch             |       |     1 ||     1
 Abil: Spit Poison       |       |     5 ||     5
  Use: Scroll            |       |     3 ||     3
 Stab: Sleeping          |     1 |    15 ||    16
Armor: Leather armour    |     1 |    29 ||    30
Dodge: Dodged            |     4 |    42 ||    46
